 Dungeon Crawl Stone Soup version 0.29-a0-1065-g47a6bb87d6 (webtiles) character file.

Game seed: 11412680672333968258

1448 StormphoenixUK the Chopper (level 8, -4/109 HPs)
             Began as a Minotaur Berserker on Aug 18, 2022.
             Was a Priest of Trog.
             Slain by an orc warrior
             ... wielding a +0 vorpal long sword
              (5 damage)
             ... on level 7 of the Dungeon.
             The game lasted 00:11:38 (6400 turns).

StormphoenixUK the Chopper (Minotaur Berserker)     Turns: 6400, Time: 00:11:38

Health: -4/109     AC: 10    Str: 23    XL:     8   Next: 46%
Magic:  7/7        EV: 13    Int:  4    God:    Trog [***...]
Gold:   361        SH:  0    Dex: 11    Spells: 7/7 levels left

rFire   . . .      SeeInvis .   c - +1 battleaxe (freeze)
rCold   . . .      Faith    .   (shield currently unavailable)
rNeg    . . .      Spirit   .   h - +0 ring mail
rPois   .          Reflect  .   i - +2 hat
rElec   .          Harm     .   (no cloak)
rCorr   .          Rampage  .   p - +1 Delatra's gloves {ID++}
Will    .....                   (no boots)
Stlth   ..........              (no amulet)
HPRegen 0.28/turn               (no ring)
MPRegen 0.10/turn               (no ring)

@: berserking, very quick
A: horns 2, retaliatory headbutt
a: Renounce Religion, Berserk, Trog's Hand


You were on level 7 of the Dungeon.
You worshipped Trog.
Trog was most pleased with you.
You visited 2 branches of the dungeon, and saw 8 of its levels.

You collected 361 gold pieces.

Inventory:

Hand Weapons
 c - a +1 battleaxe of freezing (weapon)
Missiles
 m - a throwing net (quivered)
Armour
 h - a +0 ring mail (worn)
 i - a +2 hat (worn)
 p - the +1 Delatra's gloves (worn) {ID++}
   (You found it on level 4 of the Dungeon)

   It heals its wearer when they drink unknown potions.
   It restores its wearer's MP when they read unknown scrolls.
Jewellery
 a - an amulet of magic regeneration
Scrolls
 d - a scroll of fear {unknown}
 e - 5 scrolls of identify {unknown}
 g - 6 scrolls of teleportation {unknown}
 n - a scroll of poison {unknown}
 o - a scroll of silence {unknown}
 s - a scroll of butterflies {unknown}
 t - 3 scrolls of noise {unknown}
Potions
 b - 2 potions of flight {unknown}
 f - a potion of lignification {unknown}
 j - a potion of haste {unknown}
 k - a potion of might {unknown}
 l - 2 potions of berserk rage {unknown}
 q - 2 potions of heal wounds {unknown}
 r - 3 potions of curing {unknown}


   Skills:
 + Level 7.2 Fighting
 + Level 7.3 Axes
 + Level 6.7 Armour
 + Level 6.1 Dodging


You had 7 spell levels left.
You didn't know any spells.
Your spell library was empty.

Dungeon Overview and Level Annotations

Branches:
Dungeon (7/15)             Temple (1/1) D:4

Altars:
Cheibriados
Dithmenos
Elyvilon
Fedhas
Gozag
Hepliaklqana
Kikubaaqudgha
Makhleb
Nemelex Xobeh
Okawaru
Sif Muna
Uskayaw
Wu Jian
Xom
Zin
The Shining One

Shops:
D:1 !   D:6 :?[??


Innate Abilities, Weirdness & Mutations

You have a pair of horns on your head.
You reflexively headbutt those who attack you in melee.


Message History

You closely miss the ogre. You headbutt the ogre!
The ogre is moderately wounded.
The ogre closely misses you.
You slash the ogre! You freeze the ogre.
The ogre is severely wounded.
The ogre misses you.
You slash the ogre! You freeze the ogre.
You kill the ogre!
Trog accepts your kill.
You hit the orc warrior but do no damage.
The orc warrior hits you with a +0 vorpal long sword.
Your Dodging skill increases to level 6!
You barely miss the orc warrior. The orc warrior closely misses you.
You furiously retaliate!
You headbutt the orc warrior, but do no damage.
The orc warrior hits you with a +0 vorpal long sword!
You barely miss the orc warrior. Your headbutt misses the orc warrior.
You hear the slow hiss of an avalanche of sand very nearby.
The orc warrior barely misses you. You furiously retaliate!
You headbutt the orc warrior. You barely miss the orc warrior.
Your headbutt misses the orc warrior.
The orc warrior is lightly wounded.
The orc warrior hits you with a +0 vorpal long sword!
You slice the orc warrior!! You freeze the orc warrior.
The orc warrior is almost dead.
The orc warrior misses you.
The orc warrior hits you with a +0 vorpal long sword!
You closely miss the orc warrior.
The orc warrior is almost dead.
The orc warrior hits you with a +0 vorpal long sword!
* * * LOW HITPOINT WARNING * * *
x2 You barely miss the orc warrior.
The orc warrior is almost dead.
The orc warrior hits you with a +0 vorpal long sword.
* * * LOW HITPOINT WARNING * * *
x2 A red film seems to cover your vision as you go berserk!
You feel yourself moving faster!
You feel mighty!
The orc warrior hits you with a +0 vorpal long sword!
* * * LOW HITPOINT WARNING * * *
You die...

###.........#
#....######
### ####.#
#..# #.#
#.:_# #.#
##....# #.#
##...#
#.###.).#
#..#...#∩#
#...@o## .o
........).##
.#
######...## #
#..## #..#
#..# ...#
#...#


You could see an orc warrior.

Vanquished Creatures
  An ice beast (D:6)
  4 ogres
  3 bullfrogs (D:6)
  A gnoll sergeant (D:5)
  2 kobold brigands
  A necrophage (D:5)
  A scorpion (D:6)
  A jelly (D:5)
  4 hounds
  2 iguanas (D:5)
  3 orc wizards
  7 gnolls
  5 adders
  A shadow imp (D:6)
  2 white imps (D:6)
  2 ufetubi
  3 dart slugs
  13 orcs
  6 endoplasms
  2 giant cockroaches
  6 goblins
  6 hobgoblins
  4 jackals (D:3)
  3 quokkas
  6 ball pythons
  2 bats (D:1)
  2 frilled lizards
  18 kobolds
  6 rats
117 creatures vanquished.

Notes
Turn   | Place    | Note
-------+----------+-------------------------------------------
     0 | D:1      | StormphoenixUK the Minotaur Berserker began the quest for
                  | the Orb.
     0 | D:1      | Reached XP level 1. HP: 19/19 MP: 0/0
   354 | D:1      | Found Diycofal's Distillery.
   449 | D:1      | Reached XP level 2. HP: 21/27 MP: 1/1
  1347 | D:2      | Reached XP level 3. HP: 33/33 MP: 2/2
  1639 | D:2      | Reached ** piety under Trog
  1933 | D:3      | Found a snail-covered altar of Cheibriados.
  2400 | D:3      | Reached XP level 4. HP: 37/41 MP: 3/3
  2910 | D:4      | Noticed an ogre
  2915 | D:4      | Killed an ogre
  2916 | D:4      | Reached XP level 5. HP: 47/47 MP: 4/4
  2931 | D:4      | Found the +1 Delatra's gloves {ID++}
  2993 | D:4      | Reached skill level 5 in Axes
  2998 | D:4      | Reached skill level 5 in Fighting
  3251 | D:4      | Found a staircase to the Ecumenical Temple.
  3258 | Temple   | Entered the Ecumenical Temple
  3687 | D:4      | Found a burning altar of Makhleb.
  3687 | D:4      | Noticed a cacodemon
  3724 | D:4      | Noticed an ogre
  3733 | D:4      | Killed an ogre
  3734 | D:4      | Reached XP level 6. HP: 34/56 MP: 5/5
  3961 | D:4      | Found a white marble altar of Elyvilon.
  4262 | D:5      | Entered Level 5 of the Dungeon
  4305 | D:5      | Found a hide-covered altar of Uskayaw.
  4701 | D:5      | Reached skill level 5 in Armour
  4701 | D:5      | Reached XP level 7. HP: 62/62 MP: 6/6
  5602 | D:6      | Reached skill level 5 in Dodging
  5867 | D:6      | Found Zuewnud's Antique Armour Boutique.
  5884 | D:6      | Found Eker Guw's Magic Scroll Shoppe.
  5889 | D:6      | Found Suopritu's Magic Scroll Shoppe.
  5897 | D:6      | Reached XP level 8. HP: 65/71 MP: 7/7
  6152 | D:6      | Found an opulent altar of Gozag.
  6189 | D:6      | Found Kihyerix's Book Shop.
  6243 | D:6      | Found an ornate altar of the Wu Jian Council.
  6263 | D:6      | Reached *** piety under Trog
  6273 | D:6      | Found Wuinaide's Magic Scroll Boutique.
  6364 | D:7      | Found an iron altar of Okawaru.
  6382 | D:7      | Found a shimmering blue altar of Sif Muna.
  6400 | D:7      | HP: 1/109 [orc warrior/+0 vorpal long sword (14)]
  6400 | D:7      | Slain by an orc warrior

Illustrated notes

Levels and vault maps discovered:
D:1:      dpeg_arrival_radiant, layout_basic, serial_shops,
          nicolae_shop_statue_plus, dk_noncrumbling_2
D:2:      kennysheep_big_flooded_room, layout_basic, hex_intersection
D:3:      layout_loops_corners, general_overflow_altar,
          chequers_serial_rivers_micro_d
D:4:      layout_loops_ring, nicolae_elyvilon_peaceful_grove,
          makhleb_altar_promises_db, minmay_temple_entry_enclosed_plants
D:5:      layout_basic, nicolae_uskayaw_dance_hall
D:6:      layout_rooms, mainiacjoe_overflow_alcove_2,
          pdpol_wu_jian_five_deadly_venoms, serial_shops, shop, shop_scrolls,
          shop, nicolae_stop_n_shop_2, nicolae_square_shop
D:7:      layout_loops_ring, nzn_overflow_gifts_of_might_and_magic,
          okawaru_trees_1, nicolae_ossuary_entry_catacombs, uniq_duvessa,
          uniq_maggie, uniq_crazy_yiuf_cottage
Temple:   hellmonk_temple_forest_ring

Skill      XL: |  1  2  3  4  5  6  7  8 |
---------------+-------------------------+-----
Axes           | 4 5 6 7 |  7.3
Fighting       | 4 5 6 7 |  7.2
Armour         | 3 4 5 6 |  6.7
Dodging        | 3 4 5 6 |  6.1

Action                   |  1- 3 |  4- 6 |  7- 9 || total
-------------------------+-------+-------+-------++-------
Melee: Hand axe          |     5 |       |       ||     5
       Battleaxe         |    62 |    90 |    80 ||   232
       Headbutt          |    10 |    11 |    19 ||    40
       Punch             |     1 |       |       ||     1
Invok: Berserk           |       |     3 |     1 ||     4
Armor: Animal skin       |     4 |       |       ||     4
       Ring mail         |    16 |    39 |    37 ||    92
Dodge: Dodged            |    56 |    94 |    39 ||   189

Table legend: (Time is in decaauts)
 A = Elapsed time spent in this place.
 B = Non-inter-level travel time spent in this place.
 C = Inter-level travel time spent in this place.
 D = Time resting spent in this place.
 E = Time spent auto-exploring this place.
 F = Levels seen in this place.
 G = Mean time per level.
                   A        B        C        D        E       F      G
               +--------+--------+--------+--------+--------+-----+--------+
         Total |   6533 |   6192 |    341 |    610 |   4457 |   8 |  816.6 |
       Dungeon |   6366 |   6025 |    341 |    610 |   4317 |   7 |  909.4 |
        Temple |    166 |    166 |      0 |      0 |    140 |   1 |  166.0 |
               +--------+--------+--------+--------+--------+-----+--------+

Top non-repeatable levels by time:
     D:4: 1283 daAuts
     D:5: 1244 daAuts
     D:1: 1114 daAuts
     D:3: 1064 daAuts
     D:2: 830 daAuts
     D:6: 772 daAuts
  Temple: 166 daAuts
     D:7: 56 daAuts
